 Dungeon Crawl Stone Soup version 0.23.2-40-g277498a001 (webtiles) character file.

Game seed: 1300960036321985310

319 Htamos the Caller (level 6, -1/28 HPs)
             Began as a Felid Summoner on Sept 1, 2019.
             Shot with an arrow by a centaur (12 damage)
             ... on level 5 of the Dungeon.
             The game lasted 00:20:18 (7703 turns).

Htamos the Caller (Felid Summoner)                  Turns: 7703, Time: 00:20:19

Health: -1/28      AC:  3    Str:  4    XL:     6   Next: 21%
Magic:  6/11       EV: 20    Int: 15    God:
Gold:   75         SH:  0    Dex: 18    Spells: 7/11 levels left
                                        Lives:  0   Deaths: 1

rFire    . . .     SeeInvis +   (weapon unavailable)
rCold    . . .     Gourm    .   (shield unavailable)
rNeg     . . .     Faith    .   (armour unavailable)
rPois    .         Spirit   .   (helmet unavailable)
rElec    .         Reflect  .   (cloak unavailable)
rCorr    .         Harm     .   (gloves unavailable)
MR       +....                  (boots unavailable)
Stlth    ++++......             (no amulet)
HPRegen  0.09/turn              s - ring of flight
MPRegen  0.12/turn              m - ring of stealth

@: very slightly contaminated, quick
A: very small, no armour, no weapons or thrown items, stealth, claws 1, fangs 3,
rugged brown scales 1, see invisible, carnivore, dopey 1, speed 1, magic
resistance 1, shaggy fur 2, slow metabolism 1, sharp paws
a: Evoke Flight


You were on level 5 of the Dungeon.
You were very full.

You visited 1 branch of the dungeon, and saw 6 of its levels.

You collected 185 gold pieces.
You spent 110 gold pieces at shops.

Inventory:

Jewellery
 e - an uncursed ring of protection from fire
 m - a ring of stealth (right paw)
 s - a ring of flight (left paw)
Scrolls
 a - a scroll of fear
 c - 6 scrolls of identify
 i - 2 scrolls of remove curse
 l - a scroll of magic mapping
Potions
 h - a potion of brilliance
 j - a potion of agility
 k - 3 potions of mutation
Comestibles
 b - 6 rations


   Skills:
 * Level 3.7 Fighting
 + Level 4.3 Dodging
 + Level 4.7 Stealth
 + Level 3.0 Spellcasting
 + Level 4.8 Summonings
 + Level 0.9 Evocations


You had 7 spell levels left.
You knew the following spells:

 Your Spells              Type           Power        Failure   Level  Hunger
a - Summon Small Mammal   Summ           ###.         2%          1    #......
b - Call Canine Familiar  Summ           ###.....     9%          3    ###....

Your spell library contained the following spells:

 Spells                   Type           Power        Failure   Level  Hunger
 Call Imp                 Summ           ###.....     4%          2    ##.....
 Summon Guardian Golem    Hex/Summ       #.......     22%         3    ###....
 Summon Ice Beast         Ice/Summ       #.......     58%         4    #####..
 Summon Lightning Spire   Summ/Air       #.......     58%         4    #####..


Dungeon Overview and Level Annotations

Branches:
Dungeon (6/15)
 Temple: D:4-7

Altars:
Nemelex Xobeh
Okawaru
Ru
Yredelemnul

Shops:
D:4 (}

Annotations:
D:5 Duvessa


Innate Abilities, Weirdness & Mutations

You cannot wear armour.
You are incapable of wielding weapons or throwing items.
Your paws allow you to move quietly. (Stealth)
You have sharp claws.
You have razor-sharp teeth.
You have supernaturally acute eyesight. (SInv)
You are carnivorous and can eat meat at any time.
You cover ground quickly.
You are covered in thick fur. (AC +2)
You have a slow metabolism.
Your sharp claws are effective at attacking unaware monsters.
You are partially covered in rugged brown scales. (AC +1, +3% HP)
You are dopey. (Int -2)
You are resistant to hostile enchantments. (MR+)


Message History

The centaur shoots an arrow.
The arrow hits your hound!
The centaur shoots an arrow.
The arrow hits your hound! What are your orders? t - Meow!
Orders for allies: a - Attack new target. r - Retreat! s - Stop attacking. g - Guard the area. f - Follow me.
Anything else - Cancel.
Gang up on whom?
Press: ? - help, Dir - move target cursor, f - centaur
Aim: a centaur, wielding a +0 shortbow Attack!
The centaur shoots an arrow.
The arrow hits your hound!
Your hound dies!
Your hound's corpse disappears in a puff of smoke!
Casting: Call Canine Familiar (safe; 9% risk of failure)
Confirm with . or Enter, or press ? or * to list all spells.
You miscast Call Canine Familiar.
You are very lightly contaminated with residual magic.
Nothing appears to happen.
The centaur shoots an arrow.
The arrow hits you!
You die...

####+###..............###########
*,* #......##c###'#...........
*,* #......##.# #.##.#..######
*,* #......*#.# #.##.#........
*,* *......*#.# #.##.#........
*,* *....,,*#(# #.##.#..#.....
*,* *.******#ยง# #.##.#<.......
*,***,* #(# #.##.#.#######
*,,,,,* #@# #.##.#........
******* #.###.##.#########
#......#.# #........#########
#.................
##################


You could see a centaur.

Vanquished Creatures
  A scorpion (D:4)
  Dowan (D:5)
  An orc priest (D:4)
  A gnoll (D:3)
  An adder (D:4)
  An ooze (D:3)
  2 dart slugs
  A leopard gecko (D:1)
  3 orcs
  5 bats
  5 giant cockroaches
  4 goblins
  4 hobgoblins
  A jackal (D:2)
  A quokka (D:4)
  5 frilled lizards
  3 kobolds
  10 rats
50 creatures vanquished.

Vanquished Creatures (collateral kills)
  A sky beast (D:3)
  A bullfrog (D:6)
  A scorpion (D:4)
  A hound (D:4)
  4 worker ants
  5 gnolls
  An adder (D:2)
  An ooze (D:4)
  A worm (D:5)
  9 orcs
  A bat (D:3)
  A giant cockroach (D:4)
  5 goblins
  A hobgoblin (D:2)
  13 jackals
  A kobold (D:2)
  A quokka (D:2)
  A ball python (D:3)
  A jackal skeleton (D:4)
50 creatures vanquished.

Grand Total: 100 creatures vanquished

Notes
Turn   | Place    | Note
-------+----------+-------------------------------------------
     0 | D:1      | Htamos the Felid Summoner began the quest for the Orb.
     0 | D:1      | Reached XP level 1. HP: 7/7 MP: 4/4
   664 | D:1      | Reached XP level 2. HP: 2/12 MP: 1/6
   670 | D:1      | Reached skill level 1 in Fighting
  2213 | D:2      | Reached XP level 3. HP: 13/15 MP: 7/7
  2738 | D:2      | Found a sparkling altar of Nemelex Xobeh.
  2740 | D:2      | Found a basalt altar of Yredelemnul.
  2742 | D:2      | Found a sacrificial altar of Ru.
  3377 | D:2      | Learned a level 3 spell: Call Canine Familiar
  3423 | D:3      | Reached XP level 4. HP: 19/19 MP: 1/8
  3598 | D:3      | Noticed a sky beast
  3622 | D:3      | Killed a sky beast
  4077 | D:4      | Found Nuvyeset's Weapon Boutique.
  4084 | D:4      | Reached XP level 5. HP: 10/23 MP: 5/9
  4883 | D:4      | Found a sacrificial altar of Ru.
  4898 | D:4      | Killed from afar by an orc priest
  4899 | D:4      | Reached XP level 4. HP: 0/20 MP: 9/9
  5202 | D:4      | Reached XP level 5. HP: 24/24 MP: 3/10
  5425 | D:4      | Found an iron altar of Okawaru.
  5488 | D:4      | Found Ufokoim's Gadget Emporium.
  5496 | D:4      | Bought a wand of paralysis (8) for 110 gold pieces
  6054 | D:5      | Entered Level 5 of the Dungeon
  6220 | D:5      | Noticed a centaur
  6503 | D:5      | Noticed Dowan
  6519 | D:5      | Noticed Duvessa
  6607 | D:5      | Killed Dowan
  6607 | D:5      | Gained mutation: You are covered in thick fur. (AC +2)
                  | [Felid growth]
  6607 | D:5      | Reached XP level 6. HP: 18/28 MP: 0/11
  7129 | D:5      | Gained mutation: You are dopey. (Int -2) [potion of
                  | mutation]
  7129 | D:5      | Gained mutation: You are partially covered in rugged brown
                  | scales. (AC +1, +3% HP) [potion of mutation]
  7129 | D:5      | Gained mutation: You are resistant to hostile enchantments.
                  | (MR+) [potion of mutation]
  7703 | D:5      | Shot with an arrow by a centaur

Skill      XL: |  1  2  3  4  5 |
---------------+----------------+-----
Fighting       | 1 2 3 |  3.7
Stealth        | 3 4 |  4.7
Dodging        | 3 4 |  4.3
Spellcasting   | 3 |  3.0
Summonings     | |  4.8
Evocations     | |  0.9

Action                   |  1- 3 |  4- 6 || total
-------------------------+-------+-------++-------
Melee: Unarmed           |   119 |    65 ||   184
       Bite              |    10 |     3 ||    13
 Cast: Summon Small Mamm |    50 |    46 ||    96
       Call Canine Famil |     3 |    40 ||    43
Evoke: Wand              |       |     8 ||     8
  Use: Scroll            |       |     7 ||     7
       Potion            |       |     6 ||     6
 Stab: Sleeping          |    14 |    12 ||    26
       Distracted        |       |     2 ||     2
       Paralysed         |       |     1 ||     1
  Eat: Chunk             |    13 |    15 ||    28
Armor: Skin              |    10 |     2 ||    12
Dodge: Dodged            |   126 |    60 ||   186
